Map: [ESL] Hard Lead

Players

Mixu - Winner!

  • Race: Zerg Zerg
  • League: Grandmaster
  • Spawn Location: 11:00

Highdra

  • Race: Protoss Protoss
  • League: Grandmaster
  • Spawn Location: 5:00

Event: HomeStory Cup XXIV

VOD

Have the link to the VOD?

Description

Time

  • Played on: Dec. 2, 2023, 4:03 p.m.
  • Length: 8:46

All games in this series

Show
View Real Time Build Order
Export as new Build Order

Mixu Zerg - Winner!

Build Orders: Hatch First 

Get SALT Encoding   

  12  0:00  Drone  
  13  0:12  Overlord  
  13  0:18  Drone  
  14  0:31  Drone x2  
  16  0:49  Hatchery  
  15  0:52  Drone  
  15  0:56  Drone  
  17  1:00  Drone  
  18  1:10  Extractor  
  17  1:15  Spawning Pool  
  17  1:18  Drone  
  17  1:21  Drone  
  18  1:28  Drone  
  19  1:38  Drone  
  20  1:49  Overlord  
  20  2:02  Queen x2  
  20  2:03  Zergling x2, Drone  
  26  2:11  Zergling x2  
  26  2:14  Drone, Metabolic Boost  
  28  2:21  Drone  
  28  2:22  Drone  
  30  2:35  Hatchery  
  29  2:38  Drone  
  30  2:44  Queen  
  30  2:49  Overlord  
  32  2:54  Drone  
  32  2:56  Drone  
  32  2:57  Zergling x2  
  35  2:59  Zergling x2  
  36  3:07  Queen  
  37  3:14  Spore Crawler  
  37  3:18  Drone  
  38  3:20  Drone x4  
  38  3:24  Overlord  
  42  3:28  Drone  
  43  3:40  Overlord  
  43  3:42  Queen  
  43  3:43  Drone x3  
  48  3:51  Drone, Overlord  
  48  3:53  Spore Crawler  
  48  3:54  Drone x2  
  50  3:58  Drone x2  
  50  4:00  Drone  
  53  4:09  Drone x3  
  53  4:14  Drone  
  53  4:16  Roach Warren  
  53  4:20  Drone x2  
  53  4:22  Drone x3  
  53  4:24  Drone  
  59  4:27  Drone, Spore Crawler  
  59  4:31  Drone x2  
  59  4:33  Drone x2  
  63  4:39  Drone x2  
  63  4:45  Overlord  
  65  4:46  Evolution Chamber  
  65  4:47  Zergling x2  
  65  4:50  Zergling x4  
  65  4:51  Drone x2  
  69  4:54  Overlord  
  69  4:55  Drone x3  
  69  4:56  Drone  
  73  5:02  Drone  
  73  5:03  Lair  
  73  5:05  Drone  
  75  5:07  Drone x3  
  75  5:08  Extractor  
  75  5:13  Hatchery  
  75  5:15  Zerg Missile Weapons Level 1  
  75  5:21  Drone x2  
  75  5:23  Drone  
  75  5:24  Queen  
  75  5:25  Extractor, Drone  
  75  5:26  Drone x2  
  82  5:34  Extractor, Overlord x2  
  81  5:36  Overlord  
  81  5:38  Drone x6  
  81  5:41  Extractor  
  86  5:46  Overlord  
  86  5:48  Roach  
  88  6:00  Drone  
  85  6:05  Overseer  
  85  6:08  Glial Reconstitution  
  85  6:11  Drone x2  
  85  6:12  Drone x2  
  85  6:13  Extractor  
  85  6:15  Roach x8  
  104  6:32  Overlord  
  104  6:33  Drone  
  104  6:34  Roach x10  
  125  6:41  Overlord x2  
  125  6:42  Pneumatized Carapace  
  125  6:49  Roach  
  126  6:54  Zergling x8  
  126  6:55  Zergling x4  
  132  7:03  Roach  
  132  7:04  Roach x4  
  132  7:07  Roach  
  132  7:08  Roach x3  
  150  7:12  Drone  
  150  7:15  Overlord x3  
  151  7:16  Overlord  
  150  7:34  Zergling x30  
  154  7:38  Ravager x4  
  154  7:40  Roach x2  
  156  7:44  Roach x3  
  141  7:52  Roach x4  
  141  7:57  Ravager  
  141  7:58  Ravager  
  151  8:02  Roach x4  
  151  8:03  Roach x6  
  171  8:08  Roach x2  
  171  8:12  Roach x5  
  183  8:19  Ravager  
  177  8:20  Roach  
  177  8:24  Hatchery  
  177  8:25  Overlord  
Show
View Real Time Build Order
Export as new Build Order

Highdra Protoss 

Build Orders: 1 Gate Expand, Oracle Opening 

Get SALT Encoding   

  12  0:00  Probe  
  13  0:12  Probe  
  14  0:20  Pylon  
  14  0:24  Probe  
  15  0:38  Probe (Chrono Boost)  
  15  0:41  Gateway  
  16  0:47  Probe (Chrono Boost)  
  17  0:50  Assimilator  
  17  0:52  Probe  
  18  1:04  Probe  
  19  1:16  Probe  
  20  1:26  Nexus  
  20  1:36  Cybernetics Core  
  20  1:38  Probe  
  21  1:46  Assimilator  
  21  1:50  Probe  
  21  1:54  Pylon  
  22  2:02  Probe  
  23  2:09  Adept (Chrono Boost)  
  23  2:14  Probe  
  26  2:23  Stargate  
  26  2:27  Probe (Chrono Boost)  
  26  2:29  Adept (Chrono Boost)  
  29  2:38  Probe (Chrono Boost)  
  31  2:44  Probe (Chrono Boost)  
  31  2:45  Warp Gate  
  31  2:47  Probe (Chrono Boost)  
  33  2:51  Probe (Chrono Boost)  
  33  2:52  Probe (Chrono Boost)  
  34  2:59  Adept  
  34  3:03  Probe  
  34  3:04  Probe  
  38  3:15  Oracle (Chrono Boost), Probe  
  38  3:19  Probe  
  41  3:21  Pylon  
  41  3:26  Gateway  
  41  3:27  Probe  
  41  3:31  Probe  
  43  3:39  Probe  
  44  3:42  Oracle (Chrono Boost)  
  44  3:43  Probe  
  48  3:51  Nexus  
  48  3:54  Pylon  
  48  3:56  Probe x2  
  48  3:58  Pylon  
  50  4:08  Probe x2  
  52  4:12  Oracle  
  52  4:13  Assimilator  
  52  4:15  Assimilator  
  55  4:19  Pylon  
  55  4:20  Probe  
  57  4:24  Probe  
  57  4:29  Twilight Council  
  57  4:32  Probe  
  57  4:36  Probe  
  57  4:37  Adept  
  61  4:44  Probe  
  61  4:45  Forge  
  62  4:47  Robotics Facility  
  62  4:48  Probe  
  63  4:53  Shield Battery  
  63  4:57  Probe  
  64  5:00  Probe  
  64  5:02  Blink (Chrono Boost)  
  64  5:03  Probe  
  66  5:09  Probe  
  66  5:12  Probe  
  67  5:15  Protoss Ground Weapons Level 1 (Chrono Boost), Probe  
  68  5:22  Probe  
  68  5:23  Gateway  
  68  5:25  Gateway  
  68  5:26  Gateway  
  68  5:27  Probe  
  68  5:28  Gateway  
  70  5:32  Pylon  
  70  5:34  Probe  
  72  5:35  Immortal (Chrono Boost)  
  75  5:44  Probe x2  
  75  5:49  Gateway  
  77  5:51  Gateway  
  77  5:54  Probe  
  77  5:56  Probe  
  76  6:05  Sentry, Immortal (Chrono Boost)  
  76  6:06  Sentry  
  76  6:10  Pylon x2  
  84  6:18  Assimilator  
  84  6:19  Assimilator  
  84  6:23  Probe  
  84  6:24  Stalker x4  
  93  6:26  Pylon  
  93  6:34  Warp Prism (Chrono Boost)  
  93  6:37  Stalker x2  
  99  6:40  Pylon  
  99  6:49  Sentry, Pylon  
  99  6:50  Sentry  
  102  6:58  Stalker  
  102  7:00  Stalker x3  
  102  7:01  Stalker x2  
  114  7:11  Pylon  
  114  7:12  Pylon  
  114  7:16  Observer (Chrono Boost)  
  115  7:36  Stalker x6  
  125  7:37  Zealot x2  
  125  7:40  Probe x2  
  125  7:41  Probe  
  125  7:42  Pylon  
  118  7:53  Immortal (Chrono Boost)  
  118  7:58  Adept  
  124  7:59  Adept x7  
  124  8:05  Pylon  
  138  8:06  Pylon  
  122  8:36  Stalker x4  
  122  8:37  Stalker x4  
Tags
 
Add a new tag
Caveats
  • Supply blocks, unpowered buildings, or Contaminate may cause inaccurate times.
  • Supply counts are checked every 10 seconds.